| TOP OF THE 1ST |
|
Milwaukee (NYP) Brewers batting - Pitching for Boise Hawks : RHP Diego Arredondo
|
|
Pitching: RHP Diego Arredondo
|
|
|
Batting: RHB Bobby McCann
|
0-0: Ground out 6-3 (Groundball, 6, EV 85.0 MPH)
|
|
Batting: RHB Vinny Estrada
|
0-0: Ball 1-0: Ball 2-0: Called Strike 2-1: Ball 3-1: Base on Balls
|
|
Batting: RHB Nick Garland
|
0-0: Fly out, F4 (Popup, 4M, EV 65.0 MPH)
|
|
Batting: LHB Paul Collins
|
0-0: Ball Vinny Estrada is caught stealing 2nd base 2-6
|
| Top of the 1st over - 0 runs, 0 hits, 0 errors, 0 left on base; Milwaukee (NYP) 0 - Boise 0 |
| BOTTOM OF THE 1ST |
|
Boise Hawks batting - Pitching for Milwaukee (NYP) Brewers : RHP Travis Bieberich
|
|
Pitching: RHP Travis Bieberich
|
|
|
Batting: LHB Greg Valenzuela
|
0-0: Ball 1-0: Ball 2-0: Ball 3-0: Called Strike 3-1: SINGLE (Line Drive, 9LS, EV 99.4 MPH)
|
|
Batting: RHB Ryan Rinaldi
|
0-0: Ball Greg Valenzuela steals 2nd base 1-0: Ball 2-0: Ball 3-0: Base on Balls
|
|
Batting: SHB Bobby Santor
|
0-0: Called Strike 0-1: Swinging Strike 0-2: Ball 1-2: Ball 2-2: Foul Ball, location: 2F 2-2: Ball 3-2: Foul Ball, location: 2F 3-2: Foul Ball, location: 2F 3-2: SINGLE (Groundball, 34S, EV 71.2 MPH) (infield hit) Greg Valenzuela to third Ryan Rinaldi to second
|
|
Batting: LHB Steve Gilliam
|
0-0: Ball 1-0: Swinging Strike 1-1: Fly out, F6 (Popup, 6MD, EV 51.9 MPH)
|
|
Batting: RHB Eric Delgado
|
0-0: Fly out, F8 (Flyball, 8LM, EV 85.6 MPH)
|
|
Batting: RHB Chris Tatum
|
0-0: Fielders Choice at 2nd, 6-4 (Groundball, 6, EV 106.9 MPH)
|
| Bottom of the 1st over - 0 runs, 2 hits, 0 errors, 3 left on base; Milwaukee (NYP) 0 - Boise 0 |
| TOP OF THE 2ND |
|
Milwaukee (NYP) Brewers batting - Pitching for Boise Hawks : RHP Diego Arredondo
|
|
Batting: LHB Paul Collins
|
0-0: Ball 1-0: Fly out, F8 (Line Drive, 8LD, EV 98.1 MPH)
|
|
Batting: RHB Brian Landrum
|
0-0: Ball 1-0: DOUBLE (Groundball, 5L, EV 96.9 MPH)
|
|
Batting: LHB Aaron Mobley
|
0-0: Ball 1-0: DOUBLE (Line Drive, 9D, EV 95.0 MPH) Brian Landrum scores
|
|
Batting: RHB Brad Wren
|
0-0: Swinging Strike 0-1: Foul Ball, location: 2F 0-2: Strikes out swinging
|
|
Batting: SHB Adam Slade
|
0-0: Called Strike 0-1: Ball 1-1: Swinging Strike Passed Ball! Aaron Mobley to third 1-2: Ball 2-2: Strikes out looking
|
| Top of the 2nd over - 1 run, 2 hits, 0 errors, 1 left on base; Milwaukee (NYP) 1 - Boise 0 |
| BOTTOM OF THE 2ND |
|
Boise Hawks batting - Pitching for Milwaukee (NYP) Brewers : RHP Travis Bieberich
|
|
Batting: LHB Zane Kelton
|
0-0: Called Strike 0-1: Foul Ball, location: 2F 0-2: Ball 1-2: Ball 2-2: Strikes out swinging
|
|
Batting: LHB Mike Clark
|
0-0: Ball 1-0: Called Strike 1-1: Called Strike 1-2: Ball 2-2: Ground out 4-3 (Groundball, 4M, EV 106.2 MPH)
|
|
Batting: RHB Matt Cone
|
0-0: Ground out 3-1 (Groundball, 34S, EV 92.5 MPH)
|
| Bottom of the 2nd over - 0 runs, 0 hits, 0 errors, 0 left on base; Milwaukee (NYP) 1 - Boise 0 |
| TOP OF THE 3RD |
|
Milwaukee (NYP) Brewers batting - Pitching for Boise Hawks : RHP Diego Arredondo
|
|
Batting: RHB Tom Campos
|
0-0: Called Strike 0-1: Ball 1-1: Foul Ball, location: 2F 1-2: Foul Ball, location: 2F 1-2: Ball 2-2: Strikes out swinging
|
|
Batting: RHB Bobby McCann
|
0-0: Swinging Strike 0-1: Foul Ball, location: 2F 0-2: Strikes out swinging
|
|
Batting: RHB Vinny Estrada
|
0-0: Swinging Strike 0-1: Foul Ball, location: 2F 0-2: Ball 1-2: Strikes out swinging
|
| Top of the 3rd over - 0 runs, 0 hits, 0 errors, 0 left on base; Milwaukee (NYP) 1 - Boise 0 |
| BOTTOM OF THE 3RD |
|
Boise Hawks batting - Pitching for Milwaukee (NYP) Brewers : RHP Travis Bieberich
|
|
Batting: LHB Greg Valenzuela
|
0-0: Called Strike 0-1: Ball 1-1: Foul Ball, location: 2F 1-2: Strikes out swinging
|
|
Batting: RHB Ryan Rinaldi
|
0-0: Called Strike 0-1: Swinging Strike 0-2: Foul Ball, location: 2F 0-2: Foul Ball, location: 2F 0-2: Foul Ball, location: 2F 0-2: DOUBLE (Line Drive, 9LM, EV 101.2 MPH)
|
|
Batting: SHB Bobby Santor
|
0-0: Ball 1-0: Foul Ball, location: 2F 1-1: Foul Ball, location: 2F 1-2: Foul Ball, location: 2F 1-2: SINGLE (Flyball, 6D, EV 93.8 MPH) Ryan Rinaldi to third
|
|
Batting: LHB Steve Gilliam
|
0-0: Ball 1-0: SINGLE (Groundball, 6M, EV 106.2 MPH) (infield hit) Ryan Rinaldi scores Bobby Santor to second
|
|
Batting: RHB Eric Delgado
|
0-0: Ball 1-0: Called Strike 1-1: Fly out, F4 (Popup, 34, EV 55.0 MPH)
|
|
Batting: RHB Chris Tatum
|
0-0: Called Strike 0-1: Called Strike 0-2: Ball 1-2: Strikes out swinging
|
| Bottom of the 3rd over - 1 run, 3 hits, 0 errors, 2 left on base; Milwaukee (NYP) 1 - Boise 1 |
| TOP OF THE 4TH |
|
Milwaukee (NYP) Brewers batting - Pitching for Boise Hawks : RHP Diego Arredondo
|
|
Batting: RHB Nick Garland
|
0-0: Called Strike 0-1: Called Strike 0-2: Foul Ball, location: 2F 0-2: Ball 1-2: Ball 2-2: SINGLE (Line Drive, 8RS, EV 93.1 MPH)
|
|
Batting: LHB Paul Collins
|
0-0: Ball 1-0: Ball 2-0: Fly out, F9 (Flyball, 9LS, EV 79.4 MPH)
|
|
Batting: RHB Brian Landrum
|
0-0: Foul Ball, location: 2F 0-1: Ball 1-1: Hit by Pitch Nick Garland to second
|
|
Batting: LHB Aaron Mobley
|
0-0: Called Strike 0-1: Foul Ball, location: 2F 0-2: Strikes out looking
|
|
Batting: RHB Brad Wren
|
0-0: Foul Ball, location: 2F 0-1: Foul Ball, location: 2F 0-2: Strikes out looking
|
| Top of the 4th over - 0 runs, 1 hit, 0 errors, 2 left on base; Milwaukee (NYP) 1 - Boise 1 |
| BOTTOM OF THE 4TH |
|
Boise Hawks batting - Pitching for Milwaukee (NYP) Brewers : RHP Travis Bieberich
|
|
Batting: LHB Zane Kelton
|
0-0: Ball 1-0: Ball 2-0: SOLO HOME RUN (Flyball, 9D, EV 95.0 MPH), Distance : 355 ft
|
|
Batting: LHB Mike Clark
|
0-0: Ball 1-0: Ground out 6-3 (Groundball, 6, EV 78.8 MPH)
|
|
Batting: RHB Matt Cone
|
0-0: Swinging Strike 0-1: Swinging Strike 0-2: Ball 1-2: Ball 2-2: Ball 3-2: Base on Balls
|
|
Batting: LHB Greg Valenzuela
|
0-0: Called Strike Matt Cone steals 2nd base 0-1: Ball 1-1: Ball 2-1: Foul Ball, location: 2F 2-2: Foul Ball, location: 2F 2-2: Strikes out swinging
|
|
Pitching: RHP Guillermo Delgado
|
|
|
Batting: RHB Ryan Rinaldi
|
0-0: Ball 1-0: Called Strike 1-1: Called Strike 1-2: Ground out 4-3 (Groundball, 34, EV 83.1 MPH)
|
| Bottom of the 4th over - 1 run, 1 hit, 0 errors, 1 left on base; Milwaukee (NYP) 1 - Boise 2 |
| TOP OF THE 5TH |
|
Milwaukee (NYP) Brewers batting - Pitching for Boise Hawks : RHP Diego Arredondo
|
|
Batting: SHB Adam Slade
|
0-0: Called Strike 0-1: SINGLE (Groundball, 6M, EV 105.0 MPH)
|
|
Batting: RHB Tom Campos
|
0-0: Ball 1-0: Called Strike 1-1: Ball 2-1: Foul Ball, location: 2F 2-2: Grounds into double play, 6-4-3 (Groundball, 6, EV 92.5 MPH)
|
|
Batting: RHB Bobby McCann
|
0-0: Foul Ball, location: 2F 0-1: Fly out, F9 (Flyball, 89S, EV 81.9 MPH)
|
| Top of the 5th over - 0 runs, 1 hit, 0 errors, 0 left on base; Milwaukee (NYP) 1 - Boise 2 |
| BOTTOM OF THE 5TH |
|
Boise Hawks batting - Pitching for Milwaukee (NYP) Brewers : RHP Guillermo Delgado
|
|
Batting: SHB Bobby Santor
|
0-0: Ball 1-0: Ball 2-0: Foul Ball, location: 2F 2-1: Ground out 4-3 (Groundball, 4, EV 79.4 MPH)
|
|
Batting: LHB Steve Gilliam
|
0-0: Ball 1-0: Swinging Strike 1-1: Foul Ball, location: 2F 1-2: Strikes out swinging
|
|
Batting: RHB Eric Delgado
|
0-0: Called Strike 0-1: Ball 1-1: Ball 2-1: Foul Ball, location: 2F 2-2: Foul Ball, location: 2F 2-2: SINGLE (Groundball, 6D, EV 103.8 MPH)
|
|
Batting: RHB Chris Tatum
|
0-0: Ball Eric Delgado steals 2nd base Balk! Eric Delgado to third 1-0: Swinging Strike 1-1: Fly out, F9 (Line Drive, 9, EV 94.4 MPH)
|
| Bottom of the 5th over - 0 runs, 1 hit, 0 errors, 1 left on base; Milwaukee (NYP) 1 - Boise 2 |
| TOP OF THE 6TH |
|
Milwaukee (NYP) Brewers batting - Pitching for Boise Hawks : RHP Diego Arredondo
|
|
Batting: RHB Vinny Estrada
|
0-0: Ground out 5-3 (Groundball, 56, EV 84.4 MPH)
|
|
Batting: RHB Nick Garland
|
0-0: Ball 1-0: SINGLE (Groundball, 6, EV 103.1 MPH)
|
|
Batting: LHB Paul Collins
|
0-0: Ball 1-0: Foul Ball, location: 2F 1-1: Ball 2-1: DOUBLE (Flyball, 78XD, EV 101.9 MPH) Nick Garland to third Runner from 3rd tries for Home, SAFE, no throw by CF
|
|
Pitching: LHP Greg Burngooch
|
|
|
Batting: RHB Brian Landrum
|
0-0: Ball 1-0: Swinging Strike 1-1: Ball 2-1: Foul Ball, location: 2F 2-2: Ball 3-2: Strikes out looking
|
|
Batting: LHB Aaron Mobley
|
0-0: Called Strike 0-1: Swinging Strike 0-2: Ball 1-2: Ball 2-2: Ball 3-2: Strikes out swinging
|
| Top of the 6th over - 1 run, 2 hits, 0 errors, 1 left on base; Milwaukee (NYP) 2 - Boise 2 |
| BOTTOM OF THE 6TH |
|
Boise Hawks batting - Pitching for Milwaukee (NYP) Brewers : RHP Guillermo Delgado
|
|
Batting: LHB Zane Kelton
|
0-0: Swinging Strike 0-1: Called Strike 0-2: Ball 1-2: Ball 2-2: Strikes out swinging
|
|
Batting: LHB Mike Clark
|
0-0: Ball 1-0: Ground out 4-3 (Groundball, 4, EV 86.2 MPH)
|
|
Batting: RHB Matt Cone
|
0-0: Ball 1-0: Ball 2-0: Ball 3-0: Called Strike 3-1: Called Strike 3-2: SINGLE (Groundball, 6S, EV 67.5 MPH) (infield hit)
|
|
Batting: LHB Greg Valenzuela
|
Balk! Matt Cone to second 0-0: Foul Ball, location: 2F 0-1: Foul Ball, location: 2F 0-2: Ball 1-2: Foul Ball, location: 2F 1-2: Ball 2-2: Ball 3-2: Foul Ball, location: 2F 3-2: SINGLE (Line Drive, 6D, EV 96.9 MPH) Matt Cone to third Runner from 3rd tries for Home, throw by CF and OUT! 8-2
|
| Bottom of the 6th over - 0 runs, 2 hits, 0 errors, 1 left on base; Milwaukee (NYP) 2 - Boise 2 |
| TOP OF THE 7TH |
|
Milwaukee (NYP) Brewers batting - Pitching for Boise Hawks : LHP Greg Burngooch
|
|
Batting: RHB Brad Wren
|
0-0: Foul Ball, location: 2F 0-1: Foul Ball, location: 2F 0-2: Fly out, F8 (Flyball, 8RD, EV 84.4 MPH)
|
|
Batting: SHB Adam Slade
|
0-0: Ball 1-0: Ball 2-0: Foul Ball, location: 2F 2-1: Foul Ball, location: 2F 2-2: Strikes out swinging
|
|
Batting: RHB Tom Campos
|
0-0: Called Strike 0-1: Called Strike 0-2: Strikes out swinging
|
| Top of the 7th over - 0 runs, 0 hits, 0 errors, 0 left on base; Milwaukee (NYP) 2 - Boise 2 |
| BOTTOM OF THE 7TH |
|
Boise Hawks batting - Pitching for Milwaukee (NYP) Brewers : RHP Guillermo Delgado
|
|
Pitching: RHP Odmar van de Vijver
|
|
|
Batting: RHB Ryan Rinaldi
|
0-0: Swinging Strike 0-1: Swinging Strike 0-2: Ball 1-2: Strikes out swinging
|
|
Batting: SHB Bobby Santor
|
0-0: Ball 1-0: Ball 2-0: Ball 3-0: Called Strike 3-1: Base on Balls
|
|
Batting: LHB Steve Gilliam
|
0-0: Ball 1-0: Swinging Strike 1-1: Foul Ball, location: 2F 1-2: Ball 2-2: Foul Ball, location: 2F 2-2: DOUBLE (Groundball, 3L, EV 101.9 MPH) Bobby Santor to third Bobby Santor scores
|
|
Batting: RHB Eric Delgado
|
0-0: Ball Steve Gilliam steals 3rd base 1-0: Called Strike 1-1: Foul Ball, location: 2F 1-2: Strikes out swinging
|
|
Batting: RHB Chris Tatum
|
0-0: Ball 1-0: Called Strike 1-1: Ball 2-1: Ball 3-1: Fly out, F3 (Line Drive, 3, EV 70.0 MPH)
|
| Bottom of the 7th over - 1 run, 1 hit, 0 errors, 1 left on base; Milwaukee (NYP) 2 - Boise 3 |
| TOP OF THE 8TH |
|
Milwaukee (NYP) Brewers batting - Pitching for Boise Hawks : LHP Greg Burngooch
|
|
Pitching: RHP Mitch Guerrero
|
|
|
Batting: RHB Bobby McCann
|
0-0: Called Strike 0-1: Ground out 6-3 (Groundball, 6, EV 88.8 MPH)
|
|
Batting: RHB Vinny Estrada
|
0-0: Ball 1-0: Swinging Strike 1-1: Foul Ball, location: 2F 1-2: Ball 2-2: Strikes out swinging
|
|
Batting: RHB Nick Garland
|
0-0: DOUBLE (Line Drive, 5D, EV 98.1 MPH)
|
|
Batting: LHB Paul Collins
|
0-0: Ball 1-0: Ball 2-0: Ball 3-0: Called Strike 3-1: Base on Balls
|
|
Batting: RHB Brian Landrum
|
0-0: Called Strike 0-1: Called Strike 0-2: Foul Ball, location: 2F 0-2: Foul Ball, location: 2F 0-2: Ball 1-2: SINGLE (Flyball, 9LS, EV 88.1 MPH) Nick Garland to third Paul Collins to second Runner from 3rd tries for Home, SAFE, throw by RF to home
|
|
Batting: LHB Aaron Mobley
|
0-0: Called Strike 0-1: Foul Ball, location: 2F 0-2: Ball 1-2: Strikes out looking
|
| Top of the 8th over - 1 run, 2 hits, 0 errors, 2 left on base; Milwaukee (NYP) 3 - Boise 3 |
| BOTTOM OF THE 8TH |
|
Boise Hawks batting - Pitching for Milwaukee (NYP) Brewers : RHP Odmar van de Vijver
|
|
Pitching: LHP Paul Schumacher
|
|
|
Pinch Hitting: RHB Tyler Stebbins
|
0-0: Called Strike 0-1: Ball 1-1: Foul Ball, location: 2F 1-2: Strikes out swinging
|
|
Batting: LHB Mike Clark
|
0-0: Ball 1-0: Ball 2-0: Ground out 4-3 (Groundball, 4M, EV 86.2 MPH)
|
|
Batting: RHB Matt Cone
|
0-0: Ball 1-0: Swinging Strike 1-1: Ball 2-1: Ground out U3 (Groundball, 34, EV 104.4 MPH)
|
| Bottom of the 8th over - 0 runs, 0 hits, 0 errors, 0 left on base; Milwaukee (NYP) 3 - Boise 3 |
| TOP OF THE 9TH |
|
Milwaukee (NYP) Brewers batting - Pitching for Boise Hawks : RHP Mitch Guerrero
|
|
Pitching: RHP Jim Butler
|
|
|
Now at 1B: Tyler Stebbins
|
|
|
Batting: RHB Brad Wren
|
0-0: Called Strike 0-1: Called Strike 0-2: Ball 1-2: Ball 2-2: Ball 3-2: Base on Balls
|
|
Batting: SHB Adam Slade
|
0-0: Foul Ball, location: 2F 0-1: Ball 1-1: Ball 2-1: Foul Ball, location: 2F 2-2: Ball 3-2: Base on Balls Brad Wren to second
|
|
Batting: RHB Tom Campos
|
0-0: Ball 1-0: Bunted foul 1-1: Bunt missed! 1-2: Ball 2-2: Ball 3-2: Strikes out looking
|
|
Batting: RHB Bobby McCann
|
0-0: Ball 1-0: Bunt missed! 1-1: Ball 2-1: Sac Bunt to 15S - play at first, batter OUT! 1-4 Brad Wren to third Adam Slade to second
|
|
Batting: RHB Vinny Estrada
|
0-0: Ball 1-0: Called Strike 1-1: Ground out 4-3 (Groundball, 4, EV 86.2 MPH)
|
| Top of the 9th over - 0 runs, 0 hits, 0 errors, 2 left on base; Milwaukee (NYP) 3 - Boise 3 |
| BOTTOM OF THE 9TH |
|
Boise Hawks batting - Pitching for Milwaukee (NYP) Brewers : LHP Paul Schumacher
|
|
Pitching: RHP Javy Uribe
|
|
|
Batting: LHB Greg Valenzuela
|
0-0: SINGLE (Flyball, 56D, EV 98.8 MPH)
|
|
Batting: RHB Ryan Rinaldi
|
0-0: Ball Greg Valenzuela is caught stealing 2nd base 2-4 1-0: Called Strike 1-1: Ball 2-1: Called Strike 2-2: Reached on error, E2 (Groundball, 2L, EV 68.1 MPH)
|
|
Batting: SHB Bobby Santor
|
0-0: Called Strike Ryan Rinaldi steals 2nd base 0-1: SINGLE (Line Drive, 89S, EV 106.2 MPH) Ryan Rinaldi to third
|
|
Batting: LHB Steve Gilliam
|
0-0: Called Strike Bobby Santor steals 2nd base (no throw) 0-1: Swinging Strike 0-2: Foul Ball, location: 2F 0-2: Ball 1-2: Strikes out swinging
|
|
Batting: RHB Eric Delgado
|
0-0: Foul Ball, location: 2F 0-1: Swinging Strike 0-2: Ball 1-2: Ball 2-2: Strikes out swinging
|
| Bottom of the 9th over - 0 runs, 2 hits, 1 error, 2 left on base; Milwaukee (NYP) 3 - Boise 3 |
| TOP OF THE 10TH |
|
Milwaukee (NYP) Brewers batting - Pitching for Boise Hawks : RHP Jim Butler
|
|
Batting: RHB Nick Garland
|
0-0: Foul Ball, location: 2F 0-1: Foul Ball, location: 2F 0-2: Ball 1-2: Ball 2-2: Foul Ball, location: 2F 2-2: Ball 3-2: Base on Balls
|
|
Batting: LHB Paul Collins
|
0-0: Called Strike Nick Garland steals 2nd base 0-1: Ball 1-1: Intentional Walk
|
|
Batting: RHB Brian Landrum
|
0-0: Fly out, F7 (Flyball, 7, EV 86.9 MPH)
|
|
Batting: LHB Aaron Mobley
|
0-0: Bunted foul 0-1: Bunt missed! 0-2: Fielders Choice at 2nd, 4-6 (Groundball, 4, EV 83.8 MPH) Nick Garland to third
|
|
Batting: RHB Brad Wren
|
0-0: Ball 1-0: Foul Ball, location: 2F 1-1: Swinging Strike 1-2: Ball 2-2: SINGLE (Groundball, 6D, EV 99.4 MPH) Nick Garland scores Aaron Mobley to second
|
|
Pitching: LHP Juan Vargas
|
|
|
Batting: SHB Adam Slade
|
0-0: Swinging Strike 0-1: Foul Ball, location: 2F 0-2: Fly out, F8 (Line Drive, 8LD, EV 90.6 MPH)
|
| Top of the 10th over - 1 run, 1 hit, 0 errors, 2 left on base; Milwaukee (NYP) 4 - Boise 3 |
| BOTTOM OF THE 10TH |
|
Boise Hawks batting - Pitching for Milwaukee (NYP) Brewers : RHP Javy Uribe
|
|
Batting: RHB Chris Tatum
|
0-0: Ball 1-0: Foul Ball, location: 2F 1-1: Ball 2-1: Foul Ball, location: 2F 2-2: Fly out, F3 (Popup, 3, EV 78.1 MPH)
|
|
Batting: RHB Tyler Stebbins
|
0-0: Called Strike 0-1: Swinging Strike 0-2: Foul Ball, location: 2F 0-2: Ball 1-2: Hit by Pitch
|
|
Batting: LHB Mike Clark
|
0-0: Called Strike 0-1: Swinging Strike 0-2: Grounds into double play, 6-4-3 (Groundball, 6, EV 85.6 MPH)
|
| Bottom of the 10th over - 0 runs, 0 hits, 0 errors, 0 left on base; Milwaukee (NYP) 4 - Boise 3 |
|